| TOP OF THE 1ST |
|
Mahoning Valley Scrappers batting - Pitching for Connecticut Tigers : RHP Chris Wilkerson
|
|
Pitching: RHP Chris Wilkerson
|
|
|
Batting: RHB Ricky Cordova
|
0-0: Ball 1-0: Called Strike 1-1: Swinging Strike 1-2: Ball 2-2: Ball 3-2: Base on Balls
|
|
Batting: RHB Jose Argueta
|
0-0: Called Strike 0-1: Ball 1-1: Ball 2-1: Ground out 5-3 (Groundball, 56S, EV 66.9 MPH) Ricky Cordova to second
|
|
Batting: LHB Matt Steinke
|
0-0: Ball 1-0: Ball 2-0: Fly out, F7 (Flyball, 7, EV 87.5 MPH)
|
|
Batting: RHB John Shaffer
|
0-0: Foul Ball, location: 2F 0-1: Foul Ball, location: 2F 0-2: Foul Ball, location: 2F 0-2: Foul Ball, location: 2F 0-2: Ball 1-2: Strikes out swinging
|
| Top of the 1st over - 0 runs, 0 hits, 0 errors, 1 left on base; Mahoning Valley 0 - Connecticut 0 |
| BOTTOM OF THE 1ST |
|
Connecticut Tigers batting - Pitching for Mahoning Valley Scrappers : RHP Joe Babich
|
|
Pitching: RHP Joe Babich
|
|
|
Batting: RHB Janne Vihko
|
0-0: Ball 1-0: Called Strike 1-1: DOUBLE (Groundball, 5L, EV 100.0 MPH)
|
|
Batting: SHB Ian Arlotta
|
0-0: Reached on error, E4 (Groundball, 34, EV 91.9 MPH) Janne Vihko to third
|
|
Batting: RHB Jaden Warrior
|
0-0: Called Strike 0-1: Ball 1-1: Swinging Strike 1-2: SINGLE (Groundball, 34S, EV 70.6 MPH) (infield hit) Ian Arlotta to second
|
|
Batting: LHB Afanasy Zasekin
|
0-0: Ball Wild Pitch! Janne Vihko scores Ian Arlotta to third Jaden Warrior to second 1-0: Ball 2-0: Ball 3-0: SINGLE (Groundball, 6M, EV 105.0 MPH) (infield hit) Ian Arlotta scores Jaden Warrior to third
|
|
Batting: RHB Jeremiah Washington
|
0-0: Ball 1-0: Called Strike 1-1: Swinging Strike 1-2: Foul Ball, location: 2F 1-2: Ball 2-2: Foul Ball, location: 2F 2-2: Strikes out looking
|
|
Batting: RHB Juan Acero
|
0-0: Ball 1-0: Ball 2-0: Foul Ball, location: 2F 2-1: Ball 3-1: Called Strike 3-2: SINGLE (Groundball, 6MD, EV 96.9 MPH) Jaden Warrior scores Afanasy Zasekin to second Runner from 2nd tries for 3rd, SAFE, throw by CF made to third
|
|
Batting: LHB Antonio Luis
|
0-0: Ball 1-0: Fly out, F8 (Flyball, 8RM, EV 85.0 MPH)
|
|
Batting: RHB Kaleb Yerger
|
0-0: Swinging Strike 0-1: Ground out 4-3 (Groundball, 4, EV 98.1 MPH)
|
| Bottom of the 1st over - 3 runs, 4 hits, 1 error, 2 left on base; Mahoning Valley 0 - Connecticut 3 |
| TOP OF THE 2ND |
|
Mahoning Valley Scrappers batting - Pitching for Connecticut Tigers : RHP Chris Wilkerson
|
|
Batting: LHB Dave Key
|
0-0: Swinging Strike 0-1: Ball 1-1: Ball 2-1: Fly out, F8 (Flyball, 8LM, EV 94.4 MPH)
|
|
Batting: RHB Nick Gossman
|
0-0: Called Strike 0-1: SINGLE (Groundball, 34D, EV 95.6 MPH)
|
|
Batting: RHB Jonathan Livingston
|
0-0: Ball 1-0: Ball 2-0: Ball 3-0: Base on Balls Nick Gossman to second
|
|
Batting: RHB Aaron Stout
|
0-0: Called Strike 0-1: Called Strike 0-2: SINGLE (Line Drive, 89S, EV 113.1 MPH) Nick Gossman to third Jonathan Livingston to second
|
|
Batting: RHB Juan Ordonez
|
0-0: Ball 1-0: Called Strike 1-1: Ball 2-1: Fielders Choice at 2nd, 5-4 (Groundball, 56, EV 85.6 MPH) Nick Gossman scores Jonathan Livingston to third
|
|
Batting: RHB Ricky Cordova
|
0-0: Ball 1-0: Ball 2-0: SINGLE (Flyball, 89S, EV 89.4 MPH) Jonathan Livingston scores Juan Ordonez to second Runner from 2nd tries for 3rd, SAFE, throw by RF made to third
|
|
Batting: RHB Jose Argueta
|
0-0: Ground out 5-3 (Groundball, 15, EV 85.0 MPH)
|
| Top of the 2nd over - 2 runs, 3 hits, 0 errors, 2 left on base; Mahoning Valley 2 - Connecticut 3 |
| BOTTOM OF THE 2ND |
|
Connecticut Tigers batting - Pitching for Mahoning Valley Scrappers : RHP Joe Babich
|
|
Batting: RHB Yankel Pensak
|
0-0: Fly out, F9 (Line Drive, 9LM, EV 109.4 MPH)
|
|
Batting: RHB Janne Vihko
|
0-0: Fly out, F9 (Flyball, 89S, EV 88.8 MPH)
|
|
Batting: SHB Ian Arlotta
|
0-0: Ball 1-0: Ball 2-0: Ball 3-0: Called Strike 3-1: Swinging Strike 3-2: Strikes out swinging
|
| Bottom of the 2nd over - 0 runs, 0 hits, 0 errors, 0 left on base; Mahoning Valley 2 - Connecticut 3 |
| TOP OF THE 3RD |
|
Mahoning Valley Scrappers batting - Pitching for Connecticut Tigers : RHP Chris Wilkerson
|
|
Batting: LHB Matt Steinke
|
0-0: Called Strike 0-1: Ball 1-1: Fly out, F8 (Flyball, 8RS, EV 88.8 MPH)
|
|
Batting: RHB John Shaffer
|
0-0: Fly out, F9 (Flyball, 9LS, EV 86.2 MPH)
|
|
Batting: LHB Dave Key
|
0-0: Fly out, F7 (Flyball, 78M, EV 88.8 MPH)
|
| Top of the 3rd over - 0 runs, 0 hits, 0 errors, 0 left on base; Mahoning Valley 2 - Connecticut 3 |
| BOTTOM OF THE 3RD |
|
Connecticut Tigers batting - Pitching for Mahoning Valley Scrappers : RHP Joe Babich
|
|
Batting: RHB Jaden Warrior
|
0-0: SINGLE (Flyball, 7S, EV 91.2 MPH)
|
|
Batting: LHB Afanasy Zasekin
|
0-0: Swinging Strike 0-1: Called Strike 0-2: Foul Ball, location: 2F 0-2: Ball 1-2: Ball 2-2: Strikes out swinging
|
|
Batting: RHB Jeremiah Washington
|
0-0: Called Strike 0-1: Foul Ball, location: 2F 0-2: Ball 1-2: Foul Ball, location: 2F 1-2: Strikes out swinging
|
|
Batting: RHB Juan Acero
|
0-0: Swinging Strike 0-1: Ball 1-1: Foul Ball, location: 2F 1-2: Ball 2-2: Foul Ball, location: 2F 2-2: Fly out, F4 (Popup, 13, EV 73.1 MPH)
|
| Bottom of the 3rd over - 0 runs, 1 hit, 0 errors, 1 left on base; Mahoning Valley 2 - Connecticut 3 |
| TOP OF THE 4TH |
|
Mahoning Valley Scrappers batting - Pitching for Connecticut Tigers : RHP Chris Wilkerson
|
|
Batting: RHB Nick Gossman
|
0-0: Ball 1-0: Swinging Strike 1-1: Ball 2-1: Ground out 6-3 (Groundball, 56D, EV 105.0 MPH)
|
|
Batting: RHB Jonathan Livingston
|
0-0: Ball 1-0: Foul Ball, location: 2F 1-1: Ball 2-1: Foul Ball, location: 2F 2-2: Ball 3-2: Base on Balls
|
|
Batting: RHB Aaron Stout
|
0-0: Ball 1-0: Ball 2-0: Called Strike 2-1: Ball 3-1: Fielders Choice at 2nd, 6-4 (Groundball, 6, EV 80.6 MPH)
|
|
Batting: RHB Juan Ordonez
|
0-0: Ball Aaron Stout steals 2nd base 1-0: Called Strike 1-1: Called Strike 1-2: Foul Ball, location: 2F 1-2: Ball 2-2: Foul Ball, location: 2F 2-2: Strikes out swinging
|
| Top of the 4th over - 0 runs, 0 hits, 0 errors, 1 left on base; Mahoning Valley 2 - Connecticut 3 |
| BOTTOM OF THE 4TH |
|
Connecticut Tigers batting - Pitching for Mahoning Valley Scrappers : RHP Joe Babich
|
|
Batting: LHB Antonio Luis
|
0-0: Ball 1-0: Foul Ball, location: 2F 1-1: Ball 2-1: Ball 3-1: Ground out U3 (Groundball, 3L, EV 89.4 MPH)
|
|
Batting: RHB Kaleb Yerger
|
0-0: Called Strike 0-1: Ball 1-1: Ball 2-1: Foul Ball, location: 2F 2-2: Foul Ball, location: 2F 2-2: Strikes out swinging
|
|
Batting: RHB Yankel Pensak
|
0-0: Foul Ball, location: 2F 0-1: Called Strike 0-2: Strikes out swinging
|
| Bottom of the 4th over - 0 runs, 0 hits, 0 errors, 0 left on base; Mahoning Valley 2 - Connecticut 3 |
| TOP OF THE 5TH |
|
Mahoning Valley Scrappers batting - Pitching for Connecticut Tigers : RHP Chris Wilkerson
|
|
Batting: RHB Ricky Cordova
|
0-0: Called Strike 0-1: Foul Ball, location: 2F 0-2: Ball 1-2: Ball 2-2: Foul Ball, location: 2F 2-2: Ball 3-2: Strikes out swinging
|
|
Batting: RHB Jose Argueta
|
0-0: Ball 1-0: Ball 2-0: Ball 3-0: Called Strike 3-1: Base on Balls
|
|
Batting: LHB Matt Steinke
|
0-0: Ball 1-0: Foul Ball, location: 2F 1-1: Ball 2-1: DOUBLE (Line Drive, 3D, EV 101.9 MPH) Jose Argueta to third Runner from 3rd tries for Home, throw by RF and OUT! 9-4-2
|
|
Batting: RHB John Shaffer
|
0-0: Ball 1-0: Ground out U3 (Groundball, 34, EV 101.2 MPH)
|
| Top of the 5th over - 0 runs, 1 hit, 0 errors, 1 left on base; Mahoning Valley 2 - Connecticut 3 |
| BOTTOM OF THE 5TH |
|
Connecticut Tigers batting - Pitching for Mahoning Valley Scrappers : RHP Joe Babich
|
|
Batting: RHB Janne Vihko
|
0-0: Ball 1-0: Fly out, F7 (Flyball, 78M, EV 87.5 MPH)
|
|
Batting: SHB Ian Arlotta
|
0-0: Ball 1-0: Ball 2-0: Called Strike 2-1: Ball 3-1: Called Strike 3-2: Strikes out looking
|
|
Batting: RHB Jaden Warrior
|
0-0: Ball 1-0: Fly out, F2 (Popup, 3SF, EV 83.1 MPH)
|
| Bottom of the 5th over - 0 runs, 0 hits, 0 errors, 0 left on base; Mahoning Valley 2 - Connecticut 3 |
| TOP OF THE 6TH |
|
Mahoning Valley Scrappers batting - Pitching for Connecticut Tigers : RHP Chris Wilkerson
|
|
Pitching: RHP Larry Mathieu
|
|
|
Batting: LHB Dave Key
|
0-0: Ball 1-0: Ball 2-0: SINGLE (Groundball, 6D, EV 103.1 MPH)
|
|
Batting: RHB Nick Gossman
|
0-0: Called Strike 0-1: Ball 1-1: Foul Ball, location: 2F 1-2: Strikes out looking
|
|
Batting: RHB Jonathan Livingston
|
0-0: Ball Dave Key steals 2nd base 1-0: Ball 2-0: Ground out 6-3 (Groundball, 6, EV 84.4 MPH)
|
|
Batting: RHB Aaron Stout
|
0-0: Foul Ball, location: 2F 0-1: Ball 1-1: Called Strike 1-2: Foul Ball, location: 2F 1-2: Fly out, F7 (Flyball, 7LS, EV 90.6 MPH)
|
| Top of the 6th over - 0 runs, 1 hit, 0 errors, 1 left on base; Mahoning Valley 2 - Connecticut 3 |
| BOTTOM OF THE 6TH |
|
Connecticut Tigers batting - Pitching for Mahoning Valley Scrappers : RHP Joe Babich
|
|
Batting: LHB Afanasy Zasekin
|
0-0: Foul Ball, location: 2F 0-1: Called Strike 0-2: Foul Ball, location: 2F 0-2: Foul Ball, location: 2F 0-2: Foul Ball, location: 2F 0-2: Strikes out swinging
|
|
Batting: RHB Jeremiah Washington
|
0-0: Ball 1-0: Ball 2-0: Swinging Strike 2-1: Foul Ball, location: 2F 2-2: Foul Ball, location: 2F 2-2: Ball 3-2: DOUBLE (Line Drive, 3D, EV 101.9 MPH)
|
|
Pitching: RHP Jaime Salazar
|
|
|
Batting: RHB Juan Acero
|
0-0: Ball 1-0: Called Strike 1-1: Ball 2-1: Ball 3-1: SINGLE (Flyball, 4MD, EV 86.9 MPH) Jeremiah Washington to third
|
|
Batting: LHB Antonio Luis
|
0-0: Ball 1-0: Ball 2-0: Swinging Strike 2-1: Swinging Strike 2-2: Foul Ball, location: 2F 2-2: Strikes out swinging
|
|
Batting: RHB Kaleb Yerger
|
0-0: Called Strike 0-1: Called Strike 0-2: SINGLE (Line Drive, 5L, EV 100.6 MPH) Jeremiah Washington scores Juan Acero to second
|
|
Batting: RHB Yankel Pensak
|
0-0: Swinging Strike 0-1: Ball 1-1: Ball 2-1: Ball 3-1: Base on Balls Juan Acero to third Kaleb Yerger to second
|
|
Batting: RHB Janne Vihko
|
0-0: Ball 1-0: Swinging Strike 1-1: Swinging Strike 1-2: Ball 2-2: Strikes out swinging
|
| Bottom of the 6th over - 1 run, 3 hits, 0 errors, 3 left on base; Mahoning Valley 2 - Connecticut 4 |
| TOP OF THE 7TH |
|
Mahoning Valley Scrappers batting - Pitching for Connecticut Tigers : RHP Larry Mathieu
|
|
Pinch Hitting: RHB Gary Ming
|
0-0: Foul Ball, location: 2F 0-1: Swinging Strike 0-2: Ball 1-2: Ball 2-2: Foul Ball, location: 2F 2-2: Strikes out looking
|
|
Batting: RHB Ricky Cordova
|
0-0: Ball 1-0: Called Strike 1-1: Called Strike 1-2: Strikes out swinging
|
|
Batting: RHB Jose Argueta
|
0-0: SINGLE (Groundball, 56, EV 96.9 MPH)
|
|
Batting: LHB Matt Steinke
|
0-0: Called Strike 0-1: Foul Ball, location: 2F 0-2: Ball 1-2: Ball 2-2: Strikes out swinging
|
| Top of the 7th over - 0 runs, 1 hit, 0 errors, 1 left on base; Mahoning Valley 2 - Connecticut 4 |
| BOTTOM OF THE 7TH |
|
Connecticut Tigers batting - Pitching for Mahoning Valley Scrappers : RHP Jaime Salazar
|
|
Now in LF: Gary Ming
|
|
|
Now in CF: Jonathan Livingston
|
|
|
Batting: SHB Ian Arlotta
|
0-0: Swinging Strike 0-1: Foul Ball, location: 2F 0-2: Strikes out looking
|
|
Batting: RHB Jaden Warrior
|
0-0: Called Strike 0-1: Ball 1-1: Foul Ball, location: 2F 1-2: Ball 2-2: Strikes out swinging
|
|
Batting: LHB Afanasy Zasekin
|
0-0: Fly out, F8 (Line Drive, 8LS, EV 88.1 MPH)
|
| Bottom of the 7th over - 0 runs, 0 hits, 0 errors, 0 left on base; Mahoning Valley 2 - Connecticut 4 |
| TOP OF THE 8TH |
|
Mahoning Valley Scrappers batting - Pitching for Connecticut Tigers : RHP Larry Mathieu
|
|
Pitching: LHP Victor Villarreal
|
|
|
Now at 1B: Tony Nunez
|
|
|
Batting: RHB John Shaffer
|
0-0: Ball 1-0: Foul Ball, location: 2F 1-1: Fly out, F8 (Flyball, 8RM, EV 88.1 MPH)
|
|
Pinch Hitting: RHB Kevin Wiles
|
0-0: Ground out 6-3 (Groundball, 56, EV 83.1 MPH)
|
|
Batting: RHB Nick Gossman
|
0-0: Foul Ball, location: 2F 0-1: Fly out, F3 (Popup, 3S, EV 72.5 MPH)
|
| Top of the 8th over - 0 runs, 0 hits, 0 errors, 0 left on base; Mahoning Valley 2 - Connecticut 4 |
| BOTTOM OF THE 8TH |
|
Connecticut Tigers batting - Pitching for Mahoning Valley Scrappers : RHP Jaime Salazar
|
|
Now at 3B: Jaquan Brown
|
|
|
Batting: RHB Jeremiah Washington
|
0-0: Swinging Strike 0-1: Foul Ball, location: 2F 0-2: Ball 1-2: Strikes out swinging
|
|
DELAY
|
Rain delay of 69 minutes in the 8th inning.
|
|
Pitching: RHP Eddie Aguilar
|
|
|
Batting: RHB Juan Acero
|
0-0: Ball 1-0: Called Strike 1-1: Ball 2-1: Swinging Strike 2-2: Strikes out looking
|
|
Batting: LHB Antonio Luis
|
0-0: SOLO HOME RUN (Flyball, 9LD, EV 93.8 MPH), Distance : 367 ft
|
|
Batting: RHB Kaleb Yerger
|
0-0: Swinging Strike 0-1: Ball 1-1: Swinging Strike 1-2: Ball 2-2: Ball 3-2: Strikes out looking
|
| Bottom of the 8th over - 1 run, 1 hit, 0 errors, 0 left on base; Mahoning Valley 2 - Connecticut 5 |
| TOP OF THE 9TH |
|
Mahoning Valley Scrappers batting - Pitching for Connecticut Tigers : LHP Victor Villarreal
|
|
Batting: RHB Jonathan Livingston
|
0-0: Ball 1-0: Swinging Strike 1-1: Ball 2-1: Fly out, F9 (Flyball, 89M, EV 96.9 MPH)
|
|
Batting: RHB Aaron Stout
|
0-0: Called Strike 0-1: Ball 1-1: Foul Ball, location: 2F 1-2: Strikes out swinging
|
|
Batting: RHB Gary Ming
|
0-0: Ball 1-0: Ball 2-0: Ball 3-0: Base on Balls
|
|
Pitching: RHP Juan Murillo
|
|
|
Batting: RHB Ricky Cordova
|
0-0: Fly out, F9 (Flyball, 9, EV 80.6 MPH)
|
| Top of the 9th over - 0 runs, 0 hits, 0 errors, 1 left on base; Mahoning Valley 2 - Connecticut 5 |
|